RedWings vs Flames

Created - Friday, January 09, 2015 at 00:15

Goals
1 2 3 T
RedWings 0 1 0 1
Flames 3 3 3 9
Shots
1 2 3 T
RedWings 6 9 8 23
Flames 17 23 8 48

1st period

1. Flames , Mikael Backlund 4 (Matt Cooke) at 1:51
2. Flames , Jacob Trouba 5 (Jordan Staal, Charlie Coyle) at 9:39 (PP)
3. Flames , Jacob Trouba 6 (Jason Pominville, Jason Spezza) at 18:57 (PP)

Penalties :
Eric Gryba (Det) for Goalie Interference (Minor) at 8:22, Zenon Konopka (Det) for Interference (Minor) at 10:45, Douglas Murray (Det) for Goalie Interference (Minor) at 14:19, Douglas Murray (Det) for Cross-checking (Minor) at 17:01

2nd period

4. RedWings , Jason Demers 10 (Brandon Prust, Jannik Hansen) at 1:51
5. Flames , Justin Faulk 5 (Mikael Backlund) at 3:28 (SH)
6. Flames , Nick Spaling 6 (Jacob Trouba, Mikael Backlund) at 11:03
7. Flames , Nick Spaling 7 (Matt Cooke, Brian Campbell) at 18:43

Penalties :
Jason Spezza (Cal) for High sticking (Minor) at 1:57, Milan Michalek (Det) for Roughing (Minor) at 12:29, Milan Michalek (Det) for Interference (Minor) at 15:07

3rd period

8. Flames , Jason Pominville 19 (Jason Spezza) at 4:04 (PP)
9. Flames , Michael Frolik 5 (Charlie Coyle) at 11:01 (PP)
10. Flames , Jacob Trouba 7 (Aleksander Barkov, Barret Jackman) at 19:15

Penalties :
Stephane Veilleux (Det) for Interference (Minor) at 2:34, Jordan Staal (Cal) for High sticking (Minor) at 5:52, Johnny Boychuk (Det) for Interference (Minor) at 10:13, Zac Rinaldo (Det) for Holding (Minor) at 19:39

Goalie Stats

Jonas Hiller (Det), 39 saves from 48 shots - (0.813), L, 10-19-2, 60:00 minutes
Al Montoya (Cal), 22 saves from 23 shots - (0.957), W, 5-5-2, 60:00 minutes

Players Stats for RedWings

Player Name              G  A  P  +/- PIM S  H  SB GA TA FO     MP     PP MP  PK MP  
------------------------------------------------------------------------------------
Alex Goligoski           0  0  0  -3  0   5  0  2  2  4  0/0    28:55   2:55   9:31 
Alexei Emelin            0  0  0  -1  0   0  0  1  1  2  0/0    20:13   1:03   4:16 
Brandon Prust            0  1  1   0  0   4  1  1  0  1  6/14   15:55   1:52   1:19 
Bryan Bickell            0  0  0  -1  0   1  2  0  2  0  0/0    11:13   0:00   0:00 
David Moss               0  0  0  -2  0   1  0  0  1  0  2/4    17:43   2:06   3:23 
Douglas Murray           0  0  0  -1  4   1  0  2  0  3  0/0    18:11   1:03   1:41 
Eric Gryba               0  0  0   0  2   1  1  0  0  4  0/0    13:27   0:00   2:36 
Jannik Hansen            0  1  1   0  0   3  1  0  1  2  0/0    20:02   1:52   3:23 
Jason Demers             1  0  1   0  0   2  0  3  1  0  0/0    10:52   0:00   0:00 
Jesse Joensuu            0  0  0  -1  0   0  1  0  0  0  0/0     8:12   0:00   1:51 
Johnny Boychuk           0  0  0  -3  2   3  0  1  1  0  0/0    25:19   2:55   8:43 
Justin Abdelkader        0  0  0  -2  0   0  2  0  2  0  4/14   21:12   2:06   8:33 
Milan Michalek           0  0  0  -3  4   0  1  0  1  0  6/15   23:15   2:06   5:16 
Nick Leddy               0  0  0   0  0   0  0  0  0  0  0/0     3:42   0:00   0:47 
Stephane Veilleux        0  0  0  -1  2   0  1  0  0  0  0/0     5:41   0:00   0:00 
Travis Moen              0  0  0   0  0   2  1  1  0  0  0/0    14:36   1:52   0:00 
Zac Rinaldo              0  0  0  -1  2   0  0  0  1  1  1/2    15:23   0:00   3:49 
Zenon Konopka            0  0  0  -1  2   0  1  0  0  0  2/9    12:13   0:00   0:00 

Players Stats for Flames

Player Name              G  A  P  +/- PIM S  H  SB GA TA FO     MP     PP MP  PK MP  
------------------------------------------------------------------------------------
Aleksander Barkov        0  1  1   1  0   1  1  0  3  0  4/8     8:09   0:00   0:00 
Andrew Cogliano          0  0  0   0  0   1  2  1  0  1  0/1    18:28   6:53   0:00 
Barret Jackman           0  1  1   1  0   0  0  4  0  1  0/0    13:23   0:00   1:59 
Brian Campbell           0  1  1   1  0   6  0  2  0  0  0/0    23:40   7:21   0:00 
Casey Cizikas            0  0  0   2  0   0  0  0  1  0  0/0    10:32   0:00   1:56 
Charlie Coyle            0  2  2  -1  0   2  5  0  3  1  0/1    17:01   6:54   0:00 
Chris Phillips           0  0  0   2  0   1  1  4  1  0  0/0    16:00   0:00   1:59 
Jacob Trouba             3  1  4   1  0   4  1  3  1  0  0/0    21:11   6:26   1:59 
Jason Pominville         1  1  2   0  0   6  0  0  1  0  0/0    18:28   6:53   0:00 
Jason Spezza             0  2  2   0  2   3  0  0  2  0  11/17  19:32   6:53   0:00 
Jordan Staal             0  1  1  -1  2   3  0  1  1  0  9/14   17:27   6:54   0:00 
Justin Faulk             1  0  1   2  0   4  3  1  2  3  0/0    25:53   7:21   1:59 
Manny Malhotra           0  0  0   1  0   2  0  0  0  0  3/5    11:16   0:00   2:02 
Matt Cooke               0  2  2   3  0   3  2  0  0  0  0/0    10:52   0:00   0:00 
Michael Frolik           1  0  1  -1  0   3  0  0  3  0  1/1    17:01   6:54   0:00 
Mikael Backlund          1  2  3   4  0   3  1  0  4  0  9/10   13:15   0:00   1:56 
Nick Spaling             2  0  2   3  0   4  0  0  3  0  0/1    13:59   0:00   2:02 
TJ Brodie                0  0  0   1  0   2  0  1  1  1  0/0    19:53   6:26   0:00 

3 Stars

1 - Jacob Trouba (Cal)
2 - Mikael Backlund (Cal)
3 - Nick Spaling (Cal)

Power Play

RedWings - 0 on 2 Attempt(s) - 0.00%
Flames - 4 on 9 Attempt(s) - 44.44%

Penalty Kill

RedWings - 5 on 9 Attempt(s) - 55.56% - Score 0 goal in Penalty Kill
Flames - 2 on 2 Attempt(s) - 100.00% - Score 1 goal in Penalty Kill

Team Stat

RedWings - Hits : 12 - Faceoff Wins : 21 - Blocked Shots : 11 - Penalty Minutes : 18
Flames - Hits : 16 - Faceoff Wins : 37 - Blocked Shots : 17 - Penalty Minutes : 4

Official

Referees : Unknown
Linesman : Unknown

Game Notes

Jacob Trouba has scored a Hat Trick!

Finance

Level 1 -- Attendance: 4490 (74.83%) -- Ticket Income $449,000
Level 2 -- Attendance: 3828 (76.56%) -- Ticket Income $229,680
Level 3 -- Attendance: 1535 (76.75%) -- Ticket Income $53,725
Level 4 -- Attendance: 3146 (78.65%) -- Ticket Income $62,920
Luxury Box -- Attendance: 733 (73.30%) -- Ticket Income $146,600
Game was played at the Pengrowth Saddledome'
Total Attendance: 13732 (76.29%)
Total Ticket Income: $941,925
Other Income: $461,543
Total Income: $1,403,468

RedWings

5 vs 5 Forward 
   Center                   Left Wing                Right Wing               Time % Phy DF OF 
 1 Justin Abdelkader        Milan Michalek           David Moss               35     1   2  2  
 2 Brandon Prust            Jannik Hansen            Travis Moen              30     1   2  2  
 3 Zenon Konopka            Bryan Bickell            Zac Rinaldo              22     1   2  2  
 4 Milan Michalek           Stephane Veilleux        Jesse Joensuu            13     1   2  2  

5 vs 5 Defense 
   Defense                  Defense                                           Time % Phy DF OF 
 1 Alex Goligoski           Johnny Boychuk                                    35     1   2  2  
 2 Douglas Murray           Alexei Emelin                                     30     1   2  2  
 3 Jason Demers             Eric Gryba                                        22     1   2  2  
 4 Nick Leddy               Alex Goligoski                                    13     1   2  2  

PowerPlay Forward 
   Center                   Left Wing                Right Wing               Time % Phy DF OF 
 1 Justin Abdelkader        Milan Michalek           David Moss               60     1   2  2  
 2 Brandon Prust            Jannik Hansen            Travis Moen              40     1   2  2  

PowerPlay Defense
   Defense                  Defense                                           Time % Phy DF OF 
 1 Alex Goligoski           Johnny Boychuk                                    60     1   2  2  
 2 Douglas Murray           Alexei Emelin                                     40     1   2  2  

Penalty Kill 4 Players Forward 
   Center                   Wing                     Time % Phy DF OF 
 1 Milan Michalek           Justin Abdelkader        60     1   2  2  
 2 David Moss               Jannik Hansen            40     1   2  2  

Penalty Kill 4 Players Defense
   Defense                  Defense                  Time % Phy DF OF 
 1 Alex Goligoski           Johnny Boychuk           60     1   2  2  
 2 Douglas Murray           Alexei Emelin            40     1   2  2  

Penalty Kill - 3 Players Forward 
   Forward                                           Time % Phy DF OF 
 1 David Moss                                        60     1   2  2  
 2 Justin Abdelkader                                 40     1   2  2  

Penalty Kill - 3 Players Defense
   Defense                  Defense                  Time % Phy DF OF 
 1 Alex Goligoski           Johnny Boychuk           60     1   2  2  
 2 Douglas Murray           Alexei Emelin            40     1   2  2  

4 vs 4 Forward 
   Center                   Wing                     Time % Phy DF OF 
 1 Travis Moen              Justin Abdelkader        60     1   2  2  
 2 David Moss               Jannik Hansen            40     1   2  2  

4 vs 4 Defense
   Defense                  Defense                  Time % Phy DF OF 
 1 Alex Goligoski           Johnny Boychuk           60     1   2  2  
 2 Douglas Murray           Alexei Emelin            40     1   2  2  

Last Minutes Offensive
   Center                   Left Wing                Right Wing               Defense                  Defense                  
   Justin Abdelkader        Milan Michalek           David Moss               Alex Goligoski           Johnny Boychuk           

Last Minutes Defensive
   Center                   Left Wing                Right Wing               Defense                  Defense                  
   Justin Abdelkader        Milan Michalek           David Moss               Alex Goligoski           Johnny Boychuk           

Goaltenders
Starting : Jonas Hiller             
Backup : Joe Cannata              

Extra Forwards
Normal : Bryan Bickell, Zenon Konopka, Zac Rinaldo - PP : Bryan Bickell, Zenon Konopka - PK : Zac Rinaldo
Extra Defensemen
Normal : Jason Demers, Eric Gryba, Nick Leddy - PP : Jason Demers - PK : Eric Gryba, Nick Leddy
Penalty Shots
Bryan Bickell, Justin Abdelkader, David Moss, Jannik Hansen, Travis Moen

Flames

5 vs 5 Forward 
   Center                   Left Wing                Right Wing               Time % Phy DF OF 
 1 Jason Spezza             Andrew Cogliano          Jason Pominville         30     1   2  2  
 2 Jordan Staal             Michael Frolik           Charlie Coyle            25     1   2  2  
 3 Mikael Backlund          Nick Spaling             Matt Cooke               25     1   2  2  
 4 Aleksander Barkov        Manny Malhotra           Casey Cizikas            20     1   2  2  

5 vs 5 Defense 
   Defense                  Defense                                           Time % Phy DF OF 
 1 Brian Campbell           Justin Faulk                                      36     1   2  2  
 2 TJ Brodie                Chris Phillips                                    30     1   2  2  
 3 Barret Jackman           Jacob Trouba                                      26     1   2  2  
 4 Brian Campbell           Jacob Trouba                                      8      1   2  2  

PowerPlay Forward 
   Center                   Left Wing                Right Wing               Time % Phy DF OF 
 1 Jason Spezza             Andrew Cogliano          Jason Pominville         50     0   0  5  
 2 Jordan Staal             Michael Frolik           Charlie Coyle            50     0   0  5  

PowerPlay Defense
   Defense                  Defense                                           Time % Phy DF OF 
 1 Brian Campbell           Justin Faulk                                      50     0   0  5  
 2 TJ Brodie                Jacob Trouba                                      50     0   0  5  

Penalty Kill 4 Players Forward 
   Center                   Wing                     Time % Phy DF OF 
 1 Manny Malhotra           Nick Spaling             50     1   4  0  
 2 Mikael Backlund          Casey Cizikas            50     1   4  0  

Penalty Kill 4 Players Defense
   Defense                  Defense                  Time % Phy DF OF 
 1 Chris Phillips           Justin Faulk             50     0   5  0  
 2 Barret Jackman           Jacob Trouba             50     1   4  0  

Penalty Kill - 3 Players Forward 
   Forward                                           Time % Phy DF OF 
 1 Manny Malhotra                                    50     0   5  0  
 2 Mikael Backlund                                   50     0   5  0  

Penalty Kill - 3 Players Defense
   Defense                  Defense                  Time % Phy DF OF 
 1 Chris Phillips           Justin Faulk             50     0   5  0  
 2 Barret Jackman           Jacob Trouba             50     0   5  0  

4 vs 4 Forward 
   Center                   Wing                     Time % Phy DF OF 
 1 Jordan Staal             Jason Pominville         50     1   2  2  
 2 Jason Spezza             Andrew Cogliano          50     1   2  2  

4 vs 4 Defense
   Defense                  Defense                  Time % Phy DF OF 
 1 Brian Campbell           Justin Faulk             50     1   2  2  
 2 TJ Brodie                Jacob Trouba             50     1   2  2  

Last Minutes Offensive
   Center                   Left Wing                Right Wing               Defense                  Defense                  
   Jason Spezza             Andrew Cogliano          Jason Pominville         Brian Campbell           Justin Faulk             

Last Minutes Defensive
   Center                   Left Wing                Right Wing               Defense                  Defense                  
   Jordan Staal             Andrew Cogliano          Michael Frolik           Chris Phillips           Jacob Trouba             

Goaltenders
Starting : Al Montoya               
Backup : Mike Smith               

Extra Forwards
Normal : Mikael Backlund, Matt Cooke, Charlie Coyle - PP : Mikael Backlund, Matt Cooke - PK : Charlie Coyle
Extra Defensemen
Normal : Barret Jackman, Chris Phillips, TJ Brodie - PP : Chris Phillips - PK : TJ Brodie, Brian Campbell
Penalty Shots
Jordan Staal, Jason Pominville, Jason Spezza, Andrew Cogliano, Michael Frolik

% Time on Ice - RedWings

Lines # - Real PCT - Wanted PCT - Time Play
Normal Forward
1 - 25% - 35% - 10:33
2 - 35% - 30% - 14:47
3 - 27% - 22% - 11:13
4 - 13% - 13% - 5:42
Normal Defense
1 - 32% - 35% - 13:42
2 - 35% - 30% - 14:54
3 - 26% - 22% - 10:52
4 - 7% - 13% - 2:47
PP Forward
1 - 53% - 60% - 2:06
2 - 47% - 40% - 1:52
PP Defense
1 - 74% - 60% - 2:55
2 - 26% - 40% - 1:03
PK Forward
1 - 75% - 60% - 10:24
2 - 25% - 40% - 3:23
PK Defense
1 - 69% - 60% - 9:31
2 - 31% - 40% - 4:16
PK3 Forward
1 - 0% - 60%
2 - 0% - 40%
PK3 Defense
1 - 0% - 60%
2 - 0% - 40%
44 Forward
1 - 0% - 60%
2 - 0% - 40%
44 Defense
1 - 0% - 60%
2 - 0% - 40%
Last Minute Offensive  - 0:00
Last Minute Defensive  - 0:00
Total
Forward - 60:00
Defense - 60:00

% Time on Ice - Flames

Lines # - Real PCT - Wanted PCT - Time Play
Normal Forward
1 - 30% - 30% - 12:40
2 - 25% - 25% - 10:34
3 - 26% - 25% - 10:52
4 - 19% - 20% - 8:09
Normal Defense
1 - 39% - 36% - 16:33
2 - 33% - 30% - 13:54
3 - 26% - 26% - 10:57
4 - 2% - 8% - 0:51
PP Forward
1 - 50% - 50% - 6:53
2 - 50% - 50% - 6:54
PP Defense
1 - 53% - 50% - 7:21
2 - 47% - 50% - 6:26
PK Forward
1 - 51% - 50% - 2:02
2 - 49% - 50% - 1:56
PK Defense
1 - 50% - 50% - 1:59
2 - 50% - 50% - 1:59
PK3 Forward
1 - 0% - 50%
2 - 0% - 50%
PK3 Defense
1 - 0% - 50%
2 - 0% - 50%
44 Forward
1 - 0% - 50%
2 - 0% - 50%
44 Defense
1 - 0% - 50%
2 - 0% - 50%
Last Minute Offensive  - 0:00
Last Minute Defensive  - 0:00
Total
Forward - 60:00
Defense - 60:00

Play by Play

1st period


0:01 of 1st period - Jason Spezza wins face-off versus Justin Abdelkader in neutral zone.
0:52 of 1st period - Snap shot by Charlie Coyle.
0:52 of 1st period - Shot Blocked by Travis Moen.
1:49 of 1st period - Snap shot by Mikael Backlund.
1:49 of 1st period - Stopped by Jonas Hiller with a rebound.
1:51 of 1st period - Wrist shot by Mikael Backlund.
1:51 of 1st period - Deflect By Alex Goligoski.
1:51 of 1st period - Goal by Mikael Backlund - RedWings : 0 - Flames : 1.
1:52 of 1st period - Aleksander Barkov wins face-off versus Milan Michalek in neutral zone.
2:03 of 1st period - Off-side.
2:04 of 1st period - Milan Michalek wins face-off versus Aleksander Barkov in neutral zone.
3:11 of 1st period - Zenon Konopka is hit by Matt Cooke and loses puck.
3:18 of 1st period - Zac Rinaldo is hit by Mikael Backlund and loses puck.
3:25 of 1st period - Barret Jackman is hit by Eric Gryba and loses puck.
3:44 of 1st period - Snap shot by Jannik Hansen.
3:44 of 1st period - Shot Misses the Net.
3:46 of 1st period - Backhand shot by Brandon Prust.
3:46 of 1st period - Stopped by Al Montoya with a rebound.
3:52 of 1st period - Snap shot by Travis Moen.
3:52 of 1st period - Shot Blocked by Brian Campbell.
3:54 of 1st period - Slapshot by Eric Gryba.
3:54 of 1st period - Stopped by Al Montoya with a rebound.
3:56 of 1st period - Slapshot by Alex Goligoski.
3:56 of 1st period - Deflect By Brandon Prust.
3:56 of 1st period - Stopped by Al Montoya without a rebound.
3:57 of 1st period - Justin Abdelkader wins face-off versus Jordan Staal in Flames zone.
3:58 of 1st period - Snap shot by Alex Goligoski.
3:58 of 1st period - Stopped by Al Montoya with a rebound.
4:28 of 1st period - Snap shot by Jordan Staal.
4:28 of 1st period - Deflect By Charlie Coyle.
4:28 of 1st period - Shot Hit the Post.
4:28 of 1st period - Puck is out of play.
4:29 of 1st period - Brandon Prust wins face-off versus Jason Spezza in RedWings zone.
6:05 of 1st period - Wrist shot by Manny Malhotra.
6:05 of 1st period - Deflect By Aleksander Barkov.
6:05 of 1st period - Shot Blocked by Jason Demers.
6:05 of 1st period - Puck is out of play.
6:06 of 1st period - Jordan Staal wins face-off versus Milan Michalek in RedWings zone.
6:17 of 1st period - Snap shot by Charlie Coyle.
6:17 of 1st period - Shot Misses the Net.
6:19 of 1st period - Wrist shot by Michael Frolik.
6:19 of 1st period - Shot Blocked by Alex Goligoski.
6:23 of 1st period - Snap shot by Charlie Coyle.
6:23 of 1st period - Stopped by Jonas Hiller with a rebound.
6:25 of 1st period - Slapshot by Jacob Trouba.
6:25 of 1st period - Deflect By Charlie Coyle.
6:25 of 1st period - Stopped by Jonas Hiller with a rebound.
6:27 of 1st period - Slapshot by Jordan Staal.
6:27 of 1st period - Deflect By Charlie Coyle.
6:27 of 1st period - Shot Misses the Net.
6:27 of 1st period - Puck is out of play.
6:28 of 1st period - Mikael Backlund wins face-off versus Brandon Prust in RedWings zone.
6:29 of 1st period - Slapshot by TJ Brodie.
6:29 of 1st period - Stopped by Jonas Hiller with a rebound.
6:41 of 1st period - Slapshot by Brandon Prust.
6:41 of 1st period - Shot Blocked by Chris Phillips.
7:12 of 1st period - TJ Brodie is hit by Jannik Hansen and loses puck.
7:47 of 1st period - Snap shot by Alex Goligoski.
7:47 of 1st period - Stopped by Al Montoya without a rebound.
7:48 of 1st period - Jordan Staal wins face-off versus Justin Abdelkader in Flames zone.
7:48 of 1st period - Jordan Staal is hit by Justin Abdelkader.
8:06 of 1st period - Wrist shot by Justin Abdelkader.
8:06 of 1st period - Shot Blocked by Jacob Trouba.
8:08 of 1st period - Backhand shot by David Moss.
8:08 of 1st period - Deflect By Brian Campbell.
8:08 of 1st period - Stopped by Al Montoya with a rebound.
8:19 of 1st period - Brian Campbell is hit by Milan Michalek and loses puck.
8:22 of 1st period - Minor Penalty to Eric Gryba for Goalie Interference.
8:23 of 1st period - Milan Michalek wins face-off versus Jason Spezza in RedWings zone.
8:40 of 1st period - Snap shot by Justin Abdelkader.
8:40 of 1st period - Deflect By Milan Michalek.
8:40 of 1st period - Shot Misses the Net.
8:40 of 1st period - Puck is out of play.
8:41 of 1st period - Milan Michalek wins face-off versus Andrew Cogliano in Flames zone.
8:56 of 1st period - Alex Goligoski is hit by Justin Faulk and loses puck.
9:37 of 1st period - Slapshot by Jordan Staal.
9:37 of 1st period - Shot Misses the Net.
9:39 of 1st period - Slapshot by Jacob Trouba.
9:39 of 1st period - Goal by Jacob Trouba - RedWings : 0 - Flames : 2.
9:40 of 1st period - Brandon Prust wins face-off versus Aleksander Barkov in neutral zone.
9:55 of 1st period - Wrist shot by Travis Moen.
9:55 of 1st period - Shot Hit the Post.
10:45 of 1st period - Minor Penalty to Zenon Konopka for Interference.
10:46 of 1st period - Jordan Staal wins face-off versus Justin Abdelkader in RedWings zone.
10:51 of 1st period - Slapshot by Brian Campbell.
10:51 of 1st period - Stopped by Jonas Hiller with a rebound.
10:53 of 1st period - Slapshot by Justin Faulk.
10:53 of 1st period - Stopped by Jonas Hiller with a rebound.
10:55 of 1st period - Slapshot by Justin Faulk.
10:55 of 1st period - Deflect By Jordan Staal.
10:55 of 1st period - Shot Misses the Net.
10:55 of 1st period - Puck is out of play.
10:56 of 1st period - Jordan Staal wins face-off versus Milan Michalek in RedWings zone.
12:45 of 1st period - Penalty to Zenon Konopka is over, Zenon Konopka is back on ice.
12:48 of 1st period - TJ Brodie is hit by Zenon Konopka and loses puck.
13:01 of 1st period - Slapshot by Jason Spezza.
13:01 of 1st period - Stopped by Jonas Hiller with a rebound.
13:08 of 1st period - Icing by Johnny Boychuk.
13:09 of 1st period - Mikael Backlund wins face-off versus David Moss in RedWings zone.
13:58 of 1st period - Snap shot by Jesse Joensuu.
13:58 of 1st period - Shot Misses the Net.
14:00 of 1st period - Snap shot by Jesse Joensuu.
14:00 of 1st period - Deflect By Stephane Veilleux.
14:00 of 1st period - Shot Misses the Net.
14:00 of 1st period - Puck is out of play.
14:01 of 1st period - Aleksander Barkov wins face-off versus Milan Michalek in Flames zone.
14:01 of 1st period - Aleksander Barkov is hit by Stephane Veilleux.
14:17 of 1st period - Wrist shot by Manny Malhotra.
14:17 of 1st period - Stopped by Jonas Hiller with a rebound.
14:19 of 1st period - Minor Penalty to Douglas Murray for Goalie Interference.
14:20 of 1st period - Jason Spezza wins face-off versus Milan Michalek in RedWings zone.
15:17 of 1st period - Milan Michalek is hit by Justin Faulk and loses puck.
15:31 of 1st period - Slapshot by TJ Brodie.
15:31 of 1st period - Deflect By Jordan Staal.
15:31 of 1st period - Shot Misses the Net.
15:31 of 1st period - Puck is out of play.
15:32 of 1st period - David Moss wins face-off versus Jordan Staal in RedWings zone.
16:19 of 1st period - Penalty to Douglas Murray is over, Douglas Murray is back on ice.
16:32 of 1st period - Eric Gryba is hit by Aleksander Barkov and loses puck.
17:01 of 1st period - Minor Penalty to Douglas Murray for Cross-checking.
17:02 of 1st period - Milan Michalek wins face-off versus Jordan Staal in RedWings zone.
18:33 of 1st period - Snap shot by Justin Abdelkader.
18:33 of 1st period - Shot Misses the Net.
18:51 of 1st period - Wrist shot by Jason Pominville.
18:51 of 1st period - Stopped by Jonas Hiller without a rebound.
18:52 of 1st period - Jason Spezza wins face-off versus David Moss in RedWings zone.
18:53 of 1st period - Snap shot by Jason Pominville.
18:53 of 1st period - Shot Misses the Net.
18:55 of 1st period - Slapshot by Jacob Trouba.
18:55 of 1st period - Shot Misses the Net.
18:57 of 1st period - Slapshot by Jacob Trouba.
18:57 of 1st period - Goal by Jacob Trouba - RedWings : 0 - Flames : 3.
18:58 of 1st period - Zenon Konopka wins face-off versus Mikael Backlund in neutral zone.
19:11 of 1st period - Slapshot by Bryan Bickell.
19:11 of 1st period - Shot Misses the Net.
19:47 of 1st period - Slapshot by Michael Frolik.
19:47 of 1st period - Stopped by Jonas Hiller with a rebound.
19:49 of 1st period - Slapshot by Chris Phillips.
19:49 of 1st period - Stopped by Jonas Hiller with a rebound.
19:51 of 1st period - Wrist shot by Jordan Staal.
19:51 of 1st period - Stopped by Jonas Hiller with a rebound.
19:53 of 1st period - Slapshot by Justin Faulk.
19:53 of 1st period - Stopped by Jonas Hiller with a rebound.
19:59 of 1st period - Wrist shot by Jordan Staal.
19:59 of 1st period - Stopped by Jonas Hiller without a rebound.
Goals for this period are 0 for RedWings vs 3 for Flames.
Shots for this period are 6 for RedWings vs 17 for Flames.

2nd period


0:01 of 2nd period - Justin Abdelkader wins face-off versus Jason Spezza in neutral zone.
0:05 of 2nd period - Off-side.
0:06 of 2nd period - Jason Spezza wins face-off versus Justin Abdelkader in neutral zone.
0:15 of 2nd period - Slapshot by Brian Campbell.
0:15 of 2nd period - Deflect By Jason Pominville.
0:15 of 2nd period - Stopped by Jonas Hiller without a rebound.
0:16 of 2nd period - Jason Spezza wins face-off versus Justin Abdelkader in RedWings zone.
1:20 of 2nd period - Douglas Murray is hit by Charlie Coyle and loses puck.
1:45 of 2nd period - Snap shot by Jannik Hansen.
1:45 of 2nd period - Shot Misses the Net.
1:47 of 2nd period - Slapshot by Jannik Hansen.
1:47 of 2nd period - Shot Misses the Net.
1:51 of 2nd period - Slapshot by Jason Demers.
1:51 of 2nd period - Goal by Jason Demers - RedWings : 1 - Flames : 3.
1:52 of 2nd period - Zenon Konopka wins face-off versus Jason Spezza in neutral zone.
1:54 of 2nd period - Off-side.
1:55 of 2nd period - Jason Spezza wins face-off versus Zenon Konopka in neutral zone.
1:57 of 2nd period - Minor Penalty to Jason Spezza for High sticking.
1:58 of 2nd period - Milan Michalek wins face-off versus Nick Spaling in Flames zone.
3:10 of 2nd period - Icing by Alex Goligoski.
3:11 of 2nd period - Brandon Prust wins face-off versus Manny Malhotra in RedWings zone.
3:13 of 2nd period - Icing by Johnny Boychuk.
3:14 of 2nd period - Brandon Prust wins face-off versus Manny Malhotra in RedWings zone.
3:26 of 2nd period - Wrist shot by Manny Malhotra.
3:26 of 2nd period - Stopped by Jonas Hiller without a rebound.
3:27 of 2nd period - Mikael Backlund wins face-off versus Justin Abdelkader in RedWings zone.
3:28 of 2nd period - Wrist shot by Justin Faulk.
3:28 of 2nd period - Goal by Justin Faulk - RedWings : 1 - Flames : 4.
3:29 of 2nd period - Mikael Backlund wins face-off versus Justin Abdelkader in neutral zone.
3:57 of 2nd period - Penalty to Jason Spezza is over, Jason Spezza is back on ice.
4:22 of 2nd period - Travis Moen is hit by Justin Faulk and loses puck.
4:41 of 2nd period - Wrist shot by Jannik Hansen.
4:41 of 2nd period - Deflect By Brandon Prust.
4:41 of 2nd period - Stopped by Al Montoya with a rebound.
5:10 of 2nd period - Slapshot by Bryan Bickell.
5:10 of 2nd period - Stopped by Al Montoya without a rebound.
5:11 of 2nd period - Jordan Staal wins face-off versus Zenon Konopka in Flames zone.
6:24 of 2nd period - Slapshot by Alexei Emelin.
6:24 of 2nd period - Shot Misses the Net.
6:40 of 2nd period - Wrist shot by Travis Moen.
6:40 of 2nd period - Shot Misses the Net.
6:42 of 2nd period - Slapshot by Travis Moen.
6:42 of 2nd period - Stopped by Al Montoya with a rebound.
6:44 of 2nd period - Snap shot by Jannik Hansen.
6:44 of 2nd period - Shot Misses the Net.
6:46 of 2nd period - Backhand shot by Douglas Murray.
6:46 of 2nd period - Stopped by Al Montoya with a rebound.
6:48 of 2nd period - Wrist shot by Travis Moen.
6:48 of 2nd period - Stopped by Al Montoya with a rebound.
6:50 of 2nd period - Wrist shot by Jannik Hansen.
6:50 of 2nd period - Stopped by Al Montoya with a rebound.
6:52 of 2nd period - Slapshot by Jannik Hansen.
6:52 of 2nd period - Stopped by Al Montoya with a rebound.
6:54 of 2nd period - Slapshot by Brandon Prust.
6:54 of 2nd period - Stopped by Al Montoya without a rebound.
6:55 of 2nd period - Mikael Backlund wins face-off versus Justin Abdelkader in Flames zone.
7:00 of 2nd period - Slapshot by Brian Campbell.
7:00 of 2nd period - Shot Blocked by Alex Goligoski.
7:10 of 2nd period - Snap shot by Nick Spaling.
7:10 of 2nd period - Shot Misses the Net.
7:12 of 2nd period - Snap shot by Mikael Backlund.
7:12 of 2nd period - Shot Hit the Post.
7:14 of 2nd period - Snap shot by Brian Campbell.
7:14 of 2nd period - Stopped by Jonas Hiller with a rebound.
7:16 of 2nd period - Slapshot by Justin Faulk.
7:16 of 2nd period - Shot Misses the Net.
7:18 of 2nd period - Snap shot by Matt Cooke.
7:18 of 2nd period - Stopped by Jonas Hiller without a rebound.
7:19 of 2nd period - Jordan Staal wins face-off versus Zenon Konopka in RedWings zone.
7:20 of 2nd period - Snap shot by Michael Frolik.
7:20 of 2nd period - Shot Misses the Net.
7:44 of 2nd period - Slapshot by Michael Frolik.
7:44 of 2nd period - Stopped by Jonas Hiller with a rebound.
8:07 of 2nd period - TJ Brodie is hit by Travis Moen and loses puck.
8:13 of 2nd period - Off-side.
8:14 of 2nd period - Brandon Prust wins face-off versus Aleksander Barkov in neutral zone.
9:20 of 2nd period - Slapshot by Matt Cooke.
9:20 of 2nd period - Stopped by Jonas Hiller with a rebound.
9:22 of 2nd period - Slapshot by TJ Brodie.
9:22 of 2nd period - Deflect By Mikael Backlund.
9:22 of 2nd period - Shot Blocked by Douglas Murray.
9:22 of 2nd period - Puck is out of play.
9:23 of 2nd period - Jordan Staal wins face-off versus Zenon Konopka in RedWings zone.
10:08 of 2nd period - Alex Goligoski is hit by Chris Phillips and loses puck.
10:15 of 2nd period - Snap shot by Jason Spezza.
10:15 of 2nd period - Stopped by Jonas Hiller with a rebound.
10:17 of 2nd period - Slapshot by Jacob Trouba.
10:17 of 2nd period - Shot Blocked by Brandon Prust.
10:19 of 2nd period - Wrist shot by Andrew Cogliano.
10:19 of 2nd period - Shot Misses the Net.
10:59 of 2nd period - Wrist shot by Nick Spaling.
10:59 of 2nd period - Stopped by Jonas Hiller with a rebound.
11:01 of 2nd period - Slapshot by Jacob Trouba.
11:01 of 2nd period - Deflect By Alex Goligoski.
11:01 of 2nd period - Stopped by Jonas Hiller with a rebound.
11:03 of 2nd period - Slapshot by Nick Spaling.
11:03 of 2nd period - Goal by Nick Spaling - RedWings : 1 - Flames : 5.
11:04 of 2nd period - Aleksander Barkov wins face-off versus Justin Abdelkader in neutral zone.
11:53 of 2nd period - Wrist shot by Brian Campbell.
11:53 of 2nd period - Shot Misses the Net.
11:55 of 2nd period - Wrist shot by Nick Spaling.
11:55 of 2nd period - Stopped by Jonas Hiller with a rebound.
11:57 of 2nd period - Snap shot by Mikael Backlund.
11:57 of 2nd period - Shot Misses the Net.
11:59 of 2nd period - Wrist shot by TJ Brodie.
11:59 of 2nd period - Shot Blocked by Alexei Emelin.
12:01 of 2nd period - Wrist shot by Matt Cooke.
12:01 of 2nd period - Shot Blocked by Douglas Murray.
12:29 of 2nd period - Minor Penalty to Milan Michalek for Roughing.
12:30 of 2nd period - Zac Rinaldo wins face-off versus Jordan Staal in RedWings zone.
13:44 of 2nd period - Snap shot by Jason Pominville.
13:44 of 2nd period - Shot Misses the Net.
14:00 of 2nd period - Douglas Murray is hit by Charlie Coyle and loses puck.
14:11 of 2nd period - Alexei Emelin is hit by Charlie Coyle and loses puck.
14:29 of 2nd period - Penalty to Milan Michalek is over, Milan Michalek is back on ice.
15:07 of 2nd period - Minor Penalty to Milan Michalek for Interference.
15:08 of 2nd period - Brandon Prust wins face-off versus Jordan Staal in RedWings zone.
15:40 of 2nd period - Snap shot by Andrew Cogliano.
15:40 of 2nd period - Stopped by Jonas Hiller with a rebound.
15:46 of 2nd period - Wrist shot by Jason Spezza.
15:46 of 2nd period - Deflect By Jason Pominville.
15:46 of 2nd period - Stopped by Jonas Hiller without a rebound.
15:47 of 2nd period - Jason Spezza wins face-off versus Zac Rinaldo in RedWings zone.
16:16 of 2nd period - Jesse Joensuu is hit by Jacob Trouba and loses puck.
16:33 of 2nd period - Alex Goligoski is hit by Andrew Cogliano and loses puck.
17:07 of 2nd period - Penalty to Milan Michalek is over, Milan Michalek is back on ice.
17:28 of 2nd period - Slapshot by Brian Campbell.
17:28 of 2nd period - Stopped by Jonas Hiller without a rebound.
17:29 of 2nd period - Aleksander Barkov wins face-off versus Brandon Prust in RedWings zone.
17:42 of 2nd period - Snap shot by Aleksander Barkov.
17:42 of 2nd period - Stopped by Jonas Hiller with a rebound.
17:44 of 2nd period - Snap shot by Manny Malhotra.
17:44 of 2nd period - Shot Misses the Net.
17:46 of 2nd period - Snap shot by TJ Brodie.
17:46 of 2nd period - Stopped by Jonas Hiller with a rebound.
17:48 of 2nd period - Snap shot by Aleksander Barkov.
17:48 of 2nd period - Shot Blocked by Jason Demers.
18:20 of 2nd period - Stephane Veilleux is hit by Matt Cooke and loses puck.
18:35 of 2nd period - Snap shot by Brian Campbell.
18:35 of 2nd period - Shot Blocked by Jason Demers.
18:37 of 2nd period - Snap shot by Nick Spaling.
18:37 of 2nd period - Shot Misses the Net.
18:39 of 2nd period - Snap shot by Brian Campbell.
18:39 of 2nd period - Stopped by Jonas Hiller with a rebound.
18:41 of 2nd period - Snap shot by Matt Cooke.
18:41 of 2nd period - Stopped by Jonas Hiller with a rebound.
18:43 of 2nd period - Snap shot by Nick Spaling.
18:43 of 2nd period - Goal by Nick Spaling - RedWings : 1 - Flames : 6.
18:44 of 2nd period - Jason Spezza wins face-off versus Zenon Konopka in neutral zone.
18:51 of 2nd period - Wrist shot by Brian Campbell.
18:51 of 2nd period - Stopped by Jonas Hiller with a rebound.
19:11 of 2nd period - Slapshot by Alex Goligoski.
19:11 of 2nd period - Shot Blocked by Brian Campbell.
19:21 of 2nd period - Wrist shot by Jason Spezza.
19:21 of 2nd period - Deflect By Jason Pominville.
19:21 of 2nd period - Stopped by Jonas Hiller with a rebound.
19:51 of 2nd period - Wrist shot by Jordan Staal.
19:51 of 2nd period - Stopped by Jonas Hiller without a rebound.
19:52 of 2nd period - Mikael Backlund wins face-off versus Milan Michalek in RedWings zone.
19:57 of 2nd period - Snap shot by Nick Spaling.
19:57 of 2nd period - Shot Misses the Net.
19:59 of 2nd period - Slapshot by Mikael Backlund.
19:59 of 2nd period - Shot Misses the Net.
Goals for this period are 1 for RedWings vs 3 for Flames.
Shots for this period are 9 for RedWings vs 23 for Flames.

3rd period


0:01 of 3rd period - Justin Abdelkader wins face-off versus Jason Spezza in neutral zone.
1:06 of 3rd period - Douglas Murray is hit by Charlie Coyle and loses puck.
1:41 of 3rd period - Slapshot by Douglas Murray.
1:41 of 3rd period - Shot Misses the Net.
1:43 of 3rd period - Snap shot by Eric Gryba.
1:43 of 3rd period - Shot Misses the Net.
1:51 of 3rd period - Wrist shot by Brandon Prust.
1:51 of 3rd period - Shot Blocked by TJ Brodie.
1:55 of 3rd period - Snap shot by Brandon Prust.
1:55 of 3rd period - Shot Misses the Net.
1:57 of 3rd period - Slapshot by Eric Gryba.
1:57 of 3rd period - Shot Blocked by Chris Phillips.
1:59 of 3rd period - Slapshot by Eric Gryba.
1:59 of 3rd period - Shot Blocked by Chris Phillips.
2:01 of 3rd period - Snap shot by Travis Moen.
2:01 of 3rd period - Shot Misses the Net.
2:03 of 3rd period - Slapshot by Eric Gryba.
2:03 of 3rd period - Shot Blocked by Chris Phillips.
2:05 of 3rd period - Slapshot by Eric Gryba.
2:05 of 3rd period - Deflect By Jannik Hansen.
2:05 of 3rd period - Stopped by Al Montoya without a rebound.
2:06 of 3rd period - Mikael Backlund wins face-off versus Milan Michalek in Flames zone.
2:34 of 3rd period - Minor Penalty to Stephane Veilleux for Interference.
2:35 of 3rd period - Jason Spezza wins face-off versus Milan Michalek in RedWings zone.
3:05 of 3rd period - Wrist shot by Jason Spezza.
3:05 of 3rd period - Stopped by Jonas Hiller with a rebound.
3:07 of 3rd period - Slapshot by Justin Faulk.
3:07 of 3rd period - Stopped by Jonas Hiller with a rebound.
3:09 of 3rd period - Wrist shot by Brian Campbell.
3:09 of 3rd period - Shot Misses the Net.
3:11 of 3rd period - Slapshot by Brian Campbell.
3:11 of 3rd period - Shot Misses the Net.
3:31 of 3rd period - Johnny Boychuk is hit by Charlie Coyle and loses puck.
4:04 of 3rd period - Snap shot by Jason Pominville.
4:04 of 3rd period - Goal by Jason Pominville - RedWings : 1 - Flames : 7.
4:05 of 3rd period - Mikael Backlund wins face-off versus Zenon Konopka in neutral zone.
5:03 of 3rd period - Jason Pominville is hit by Brandon Prust and loses puck.
5:32 of 3rd period - Snap shot by Jason Demers.
5:32 of 3rd period - Shot Blocked by Justin Faulk.
5:34 of 3rd period - Slapshot by Jason Demers.
5:34 of 3rd period - Shot Blocked by Andrew Cogliano.
5:36 of 3rd period - Snap shot by Jason Demers.
5:36 of 3rd period - Stopped by Al Montoya without a rebound.
5:37 of 3rd period - Milan Michalek wins face-off versus Charlie Coyle in Flames zone.
5:50 of 3rd period - Slapshot by Johnny Boychuk.
5:50 of 3rd period - Stopped by Al Montoya with a rebound.
5:52 of 3rd period - Minor Penalty to Jordan Staal for High sticking.
5:53 of 3rd period - Manny Malhotra wins face-off versus Brandon Prust in Flames zone.
6:04 of 3rd period - Slapshot by Alex Goligoski.
6:04 of 3rd period - Shot Misses the Net.
6:06 of 3rd period - Slapshot by Travis Moen.
6:06 of 3rd period - Shot Blocked by Jacob Trouba.
6:08 of 3rd period - Snap shot by Johnny Boychuk.
6:08 of 3rd period - Stopped by Al Montoya without a rebound.
6:09 of 3rd period - Manny Malhotra wins face-off versus Brandon Prust in Flames zone.
6:18 of 3rd period - Slapshot by Alex Goligoski.
6:18 of 3rd period - Shot Blocked by Barret Jackman.
6:22 of 3rd period - Slapshot by Alex Goligoski.
6:22 of 3rd period - Stopped by Al Montoya without a rebound.
6:23 of 3rd period - Mikael Backlund wins face-off versus Justin Abdelkader in Flames zone.
6:32 of 3rd period - Justin Faulk is hit by Justin Abdelkader and loses puck.
7:29 of 3rd period - Backhand shot by Alexei Emelin.
7:29 of 3rd period - Shot Blocked by Jacob Trouba.
7:44 of 3rd period - Slapshot by Alexei Emelin.
7:44 of 3rd period - Deflect By Travis Moen.
7:44 of 3rd period - Shot Misses the Net.
7:44 of 3rd period - Puck is out of play.
7:45 of 3rd period - Manny Malhotra wins face-off versus Brandon Prust in Flames zone.
7:52 of 3rd period - Penalty to Jordan Staal is over, Jordan Staal is back on ice.
7:54 of 3rd period - Wrist shot by Brandon Prust.
7:54 of 3rd period - Shot Misses the Net.
8:30 of 3rd period - Jason Pominville is hit by Bryan Bickell.
8:52 of 3rd period - Andrew Cogliano is hit by Bryan Bickell and loses puck.
9:11 of 3rd period - Jordan Staal is hit by Jesse Joensuu and loses puck.
9:16 of 3rd period - Slapshot by Alex Goligoski.
9:16 of 3rd period - Stopped by Al Montoya with a rebound.
9:18 of 3rd period - Slapshot by Johnny Boychuk.
9:18 of 3rd period - Stopped by Al Montoya with a rebound.
9:23 of 3rd period - Slapshot by Johnny Boychuk.
9:23 of 3rd period - Shot Blocked by Jordan Staal.
9:59 of 3rd period - Wrist shot by Mikael Backlund.
9:59 of 3rd period - Stopped by Jonas Hiller with a rebound.
10:13 of 3rd period - Minor Penalty to Johnny Boychuk for Interference.
10:14 of 3rd period - David Moss wins face-off versus Jason Spezza in RedWings zone.
11:01 of 3rd period - Snap shot by Michael Frolik.
11:01 of 3rd period - Goal by Michael Frolik - RedWings : 1 - Flames : 8.
11:02 of 3rd period - Jordan Staal wins face-off versus Brandon Prust in neutral zone.
11:09 of 3rd period - Slapshot by Brian Campbell.
11:09 of 3rd period - Stopped by Jonas Hiller with a rebound.
12:24 of 3rd period - Wrist shot by Zac Rinaldo.
12:24 of 3rd period - Shot Blocked by Barret Jackman.
12:26 of 3rd period - Snap shot by Eric Gryba.
12:26 of 3rd period - Shot Blocked by Barret Jackman.
12:53 of 3rd period - Jason Demers is hit by Andrew Cogliano and loses puck.
13:40 of 3rd period - Slapshot by Alex Goligoski.
13:40 of 3rd period - Stopped by Al Montoya without a rebound.
13:41 of 3rd period - Jordan Staal wins face-off versus Brandon Prust in Flames zone.
15:31 of 3rd period - Wrist shot by Andrew Cogliano.
15:31 of 3rd period - Shot Misses the Net.
18:06 of 3rd period - Slapshot by Nick Leddy.
18:06 of 3rd period - Deflect By Jannik Hansen.
18:06 of 3rd period - Shot Blocked by Barret Jackman.
18:06 of 3rd period - Puck is out of play.
18:07 of 3rd period - Jason Spezza wins face-off versus Brandon Prust in Flames zone.
19:02 of 3rd period - Slapshot by Jacob Trouba.
19:02 of 3rd period - Deflect By Aleksander Barkov.
19:02 of 3rd period - Shot Misses the Net.
19:02 of 3rd period - Puck is out of play.
19:03 of 3rd period - Justin Abdelkader wins face-off versus Aleksander Barkov in RedWings zone.
19:15 of 3rd period - Slapshot by Jacob Trouba.
19:15 of 3rd period - Deflect By Johnny Boychuk.
19:15 of 3rd period - Goal by Jacob Trouba - RedWings : 1 - Flames : 9.
19:16 of 3rd period - Jason Spezza wins face-off versus Zenon Konopka in neutral zone.
19:30 of 3rd period - Snap shot by Jason Pominville.
19:30 of 3rd period - Stopped by Jonas Hiller with a rebound.
19:32 of 3rd period - Wrist shot by Jason Pominville.
19:32 of 3rd period - Shot Blocked by Johnny Boychuk.
19:39 of 3rd period - Minor Penalty to Zac Rinaldo for Holding.
19:40 of 3rd period - Michael Frolik wins face-off versus Milan Michalek in RedWings zone.
Goals for this period are 0 for RedWings vs 3 for Flames.
Shots for this period are 8 for RedWings vs 8 for Flames.


Output by the SimonT Hockey Simulator (STHS) for Eric Dolegowski -- Original Page W3C XHTML 1.0 Valid
Hockey Simulator - Hockey Simulation - Hockey Manager